Map: Radhuset Station LE

Players

SubN

  • Race: Zerg Zerg
  • League: Diamond
  • Spawn Location: 7:00

Pie - Winner!

  • Race: Zerg Zerg
  • Spawn Location: 1:00

VOD

Have the link to the VOD?

Description

Time

  • Played on: Dec. 31, 2023, 7:50 p.m.
  • Length: 15:43
Show
View Real Time Build Order
Export as new Build Order

SubN Zerg 

Build Orders: Hatch First 

Get SALT Encoding   

  12  0:00  Drone  
  13  0:12  Overlord  
  13  0:17  Drone  
  14  0:30  Drone x2  
  16  0:51  Hatchery  
  16  0:56  Drone  
  16  0:57  Drone  
  16  1:01  Drone  
  18  1:09  Extractor  
  17  1:20  Spawning Pool  
  17  1:23  Drone  
  17  1:31  Drone  
  18  1:34  Drone  
  19  1:53  Hatchery  
  18  1:57  Drone  
  18  1:59  Drone  
  20  2:09  Queen  
  22  2:20  Queen  
  24  2:31  Overlord  
  24  2:34  Overlord  
  24  2:36  Zergling x2  
  25  2:40  Zergling x2  
  25  2:41  Zergling x2  
  25  2:43  Zergling x2  
  28  2:48  Metabolic Boost  
  28  2:54  Overlord  
  28  3:05  Drone x4  
  32  3:12  Queen  
  34  3:20  Queen  
  36  3:31  Drone x4  
  36  3:33  Drone  
  41  3:35  Drone  
  41  3:40  Drone x2  
  44  3:42  Drone  
  44  3:44  Drone  
  46  3:50  Drone x3  
  46  3:54  Overlord  
  49  3:57  Overlord  
  49  4:02  Drone x2  
  51  4:09  Drone x4  
  55  4:13  Drone  
  56  4:18  Drone  
  56  4:20  Drone  
  56  4:22  Drone  
  59  4:25  Drone x3, Extractor  
  59  4:31  Drone  
  62  4:38  Evolution Chamber  
  61  4:39  Evolution Chamber  
  61  4:42  Roach Warren  
  59  4:48  Drone x6  
  59  4:49  Drone x3  
  68  4:56  Extractor  
  68  4:58  Drone  
  68  4:59  Drone x2  
  70  5:01  Lair  
  70  5:12  Drone x3  
  73  5:15  Drone  
  73  5:17  Overlord x4  
  73  5:18  Extractor  
  73  5:19  Extractor  
  72  5:22  Extractor  
  71  5:34  Zerg Missile Weapons Level 1  
  71  5:38  Drone x3  
  71  5:39  Drone x3  
  71  5:40  Drone  
  78  5:45  Drone  
  78  5:49  Zerg Ground Armor Level 1  
  79  5:53  Overlord x2  
  79  5:54  Overlord x6  
  79  6:05  Glial Reconstitution  
  79  6:08  Hatchery, Roach x6  
  90  6:11  Overseer  
  90  6:13  Overseer  
  90  6:22  Drone x5  
  95  6:28  Roach x4  
  95  6:29  Roach  
  95  6:32  Overlord x3  
  105  6:36  Overlord  
  105  6:37  Ravager  
  105  6:38  Ravager x3  
  109  6:40  Roach x2  
  113  6:48  Roach x5  
  113  6:53  Roach x3  
  129  6:58  Roach x2  
  129  7:00  Roach  
  129  7:01  Roach x2  
  135  7:14  Roach  
  135  7:15  Roach x3  
  143  7:21  Drone x2  
  143  7:22  Drone x5, Queen  
  150  7:27  Ravager x4  
  156  7:37  Roach x3  
  156  7:38  Roach x5  
  156  7:43  Overlord x2  
  156  7:44  Overlord  
  172  7:47  Extractor  
  171  7:52  Drone x3  
  171  7:56  Drone, Extractor  
  171  7:57  Drone  
  175  7:58  Overlord  
  175  7:59  Overlord x3  
  175  8:03  Drone  
  175  8:04  Drone x5  
  181  8:17  Drone  
  181  8:18  Roach x3  
  188  8:21  Roach x2  
  188  8:24  Spine Crawler, Zerg Ground Armor Level 2, Zerg Missile Weapons Level 2  
  188  8:26  Spine Crawler x2  
  189  8:27  Spine Crawler  
  189  8:29  Roach x2  
  189  8:31  Ravager x4  
  189  8:33  Roach  
  196  8:51  Roach x2  
  192  9:05  Roach x6  
  192  9:26  Drone  
  192  9:27  Roach  
  192  9:28  Roach x2  
  199  9:37  Overseer  
  199  9:38  Pneumatized Carapace  
  129  10:07  Roach  
  129  10:08  Roach x23  
  158  10:20  Roach  
  171  10:21  Roach x11  
  171  10:23  Ravager x3  
  182  10:29  Roach x3  
  152  10:57  Roach  
  152  10:58  Roach x15  
  165  11:13  Roach x15  
  165  11:14  Roach  
  197  11:22  Roach  
  199  11:26  Hatchery  
  199  11:28  Extractor  
  181  11:37  Roach x5  
  181  11:38  Roach x5  
  159  11:49  Roach x5  
  159  11:50  Roach x6  
  168  11:59  Roach x3  
  172  12:09  Roach x8  
  172  12:10  Roach  
  172  12:15  Baneling Nest  
  189  12:18  Roach x3  
  195  12:25  Overseer  
  195  12:26  Overseer  
  199  12:30  Roach x2  
  199  12:42  Spine Crawler, Queen  
  170  13:11  Overseer  
  170  13:12  Overseer x2  
  166  13:14  Roach  
  166  13:15  Roach x16  
  200  13:22  Centrifugal Hooks  
  200  13:23  Infestation Pit  
  197  13:29  Roach  
  199  13:41  Hatchery  
  199  13:48  Roach  
  200  14:00  Overseer x4  
  200  14:02  Overlord x7  
  134  14:17  Roach  
  134  14:18  Roach x15  
  134  14:24  Hatchery, Hive  
  162  14:26  Extractor  
  154  14:37  Roach  
  154  14:38  Roach x10  
  160  14:51  Overseer x4  
  162  15:00  Roach x13  
  162  15:01  Roach  
  188  15:09  Drone x2  
  188  15:11  Drone  
  188  15:13  Drone x3  
  194  15:14  Extractor  
  194  15:17  Roach x3  
Show
View Real Time Build Order
Export as new Build Order

Pie Zerg - Winner!

Build Orders: Hatch First, Lurkers, Roach Hydra 

Get SALT Encoding   

  12  0:00  Drone  
  13  0:12  Overlord  
  13  0:17  Drone  
  14  0:30  Drone x2  
  16  0:50  Hatchery  
  16  0:52  Drone  
  16  0:55  Drone  
  17  0:59  Extractor  
  16  1:12  Spawning Pool  
  16  1:16  Drone  
  16  1:19  Drone  
  16  1:22  Drone  
  18  1:27  Drone  
  19  1:41  Drone  
  20  2:00  Zergling x4  
  20  2:01  Queen x2  
  22  2:06  Metabolic Boost  
  26  2:15  Overlord  
  26  2:17  Drone  
  26  2:19  Drone  
  28  2:36  Queen  
  28  2:37  Queen  
  32  2:45  Drone x3  
  32  2:46  Drone  
  36  2:53  Overlord  
  36  3:11  Drone x3  
  39  3:18  Drone x2  
  39  3:19  Drone, Overlord  
  42  3:21  Drone  
  42  3:22  Drone  
  44  3:28  Overlord  
  44  3:30  Overlord  
  44  3:34  Lair  
  44  3:39  Drone, Extractor  
  44  3:44  Drone  
  44  3:47  Overlord, Extractor  
  44  3:49  Drone x2  
  44  3:53  Drone  
  47  4:00  Drone  
  49  4:02  Zergling x2  
  49  4:03  Zergling x2, Overlord  
  50  4:10  Drone x2, Roach Warren  
  50  4:12  Evolution Chamber  
  50  4:16  Drone  
  51  4:17  Extractor  
  51  4:22  Drone x4  
  54  4:27  Drone  
  55  4:40  Hatchery  
  55  4:41  Drone  
  55  4:42  Drone  
  55  4:45  Zerg Missile Weapons Level 1  
  56  4:53  Drone x3  
  56  4:55  Drone x3  
  62  5:06  Roach x2  
  62  5:07  Evolution Chamber, Roach  
  65  5:08  Overseer  
  67  5:19  Roach  
  67  5:20  Roach x3  
  75  5:36  Roach x3  
  75  5:37  Roach  
  75  5:39  Zerg Ground Armor Level 1  
  75  5:40  Overlord x2  
  75  5:42  Glial Reconstitution  
  83  5:51  Overlord  
  83  5:58  Drone x3  
  83  5:59  Drone x2  
  83  6:00  Drone  
  89  6:06  Ravager x3  
  89  6:07  Ravager  
  89  6:08  Ravager  
  89  6:10  Drone x3  
  97  6:18  Roach  
  97  6:19  Hatchery, Roach  
  97  6:20  Drone x2  
  102  6:36  Drone x4  
  102  6:37  Drone x4  
  102  6:39  Extractor  
  109  6:40  Extractor  
  109  6:43  Drone  
  109  6:44  Drone  
  109  6:54  Drone  
  109  6:55  Drone x3  
  109  6:56  Overlord  
  109  6:57  Overlord  
  110  7:15  Overlord  
  110  7:21  Hydralisk Den  
  110  7:22  Infestation Pit  
  108  7:24  Roach x7  
  108  7:25  Roach x3  
  108  7:28  Overlord x3  
  128  7:34  Drone  
  128  7:35  Drone x3  
  132  7:43  Overlord  
  134  7:44  Roach x4  
  134  7:45  Roach  
  142  8:10  Roach  
  142  8:11  Roach x16  
  176  8:17  Hive  
  176  8:18  Burrow  
  176  8:19  Grooved Spines  
  176  8:22  Overlord x3  
  176  8:23  Overlord  
  176  8:30  Overlord  
  176  8:31  Overlord  
  176  8:32  Overlord  
  176  8:34  Zerg Missile Weapons Level 2  
  176  8:35  Zerg Ground Armor Level 2  
  166  9:09  Hydralisk x15, Muscular Augments  
  196  9:20  Ravager x3  
  196  9:24  Overlord  
  199  9:30  Lurker Den  
  198  9:36  Extractor  
  197  9:39  Extractor  
  197  9:40  Overseer x3  
  197  9:41  Pneumatized Carapace  
  150  10:12  Hydralisk x4  
  150  10:13  Hydralisk x5, Roach x6  
  150  10:14  Roach x4  
  178  10:17  Queen x2  
  132  10:57  Hydralisk x4  
  132  10:58  Hydralisk x6, Roach x6  
  132  10:59  Roach x3  
  164  11:09  Hydralisk x2  
  164  11:10  Hydralisk, Roach x2  
  170  11:11  Roach  
  170  11:24  Hatchery  
  125  11:47  Hydralisk x5  
  125  11:48  Hydralisk, Roach x6  
  147  11:57  Zerg Missile Weapons Level 3  
  147  12:02  Seismic Spines  
  147  12:21  Lurker  
  147  12:22  Lurker x2  
  150  12:24  Lurker  
  151  12:31  Spine Crawler  
  150  12:42  Zerg Ground Armor Level 3  
  150  12:47  Lurker x2  
  150  12:50  Roach  
  150  12:51  Roach x4  
  123  13:08  Hydralisk x2  
  123  13:09  Hydralisk x6, Roach x4  
  123  13:10  Roach x3  
  142  13:41  Lurker x2  
  142  13:44  Lurker  
  141  13:53  Lurker  
  141  13:55  Hydralisk x3  
  140  13:56  Hydralisk x2, Roach x5  
  159  14:05  Hydralisk x3  
  159  14:06  Roach x3  
  159  14:08  Hydralisk x2, Roach  
  159  14:09  Roach  
  152  14:28  Drone x6  
  146  14:42  Lurker  
  146  14:44  Lurker x4  
  146  14:45  Lurker  
  152  14:46  Lurker x2  
  152  14:47  Lurker  
  152  14:50  Roach x2  
  152  14:51  Roach x2  
  163  15:01  Viper  
  166  15:07  Hatchery  
  166  15:10  Extractor  
  166  15:13  Extractor  
  163  15:16  Roach  
Tags
 
Add a new tag
Caveats
  • Supply blocks, unpowered buildings, or Contaminate may cause inaccurate times.
  • Supply counts are checked every 10 seconds.